 Dungeon Sprint DCSS version 0.29-a0-234-g0dae59b3db (webtiles) character file.

Game seed: 10682356292985579464

476400 mhtbhm the Conqueror (level 20, -16/209 (216) HPs)
             Began as a Minotaur Fighter on Mar 3, 2022.
             Was an Initiate of Gozag.
             Killed from afar by a hellion (22 damage)
             ... with damnation
             ... summoned by Cerebov
             ... in the Dungeon (Sprint IX: "|||||||||||||||||||||||||||||").
             The game lasted 00:33:44 (15840 turns).

mhtbhm the Conqueror (Minotaur Fighter)            Turns: 15840, Time: 00:33:44

HP:   -16/209 (216) AC: 46    Str: 36    XL:     20   Next: 51%
MP:   42/42         EV: 13    Int:  5    God:    Gozag
Gold: 9142          SH: 36    Dex: 13    Spells: 51/57 levels left

rFire   + + .      SeeInvis .   f - +9 eudemon blade (holy)
rCold   . . .      Faith    .   m - +18 shield of the Gong {rElec rN+ Will+ EV-5}
rNeg    + . .      Spirit   .   b - +7 gold dragon scales
rPois   +          Reflect  .   w - +2 hood of the Assassin {Detection Stab+ Stlth++}
rElec   +          Harm     .   u - +2 cloak {Will+}
rCorr   .          Rampage  .   x - +2 pair of gloves
Will    +++..      NoTele   +   J - +0 pair of boots "Yhotanta" {Slay+5}
Stlth   ++++......              I - amulet of regeneration
HPRegen 1.24/turn               P - ring "Vomaimeo" {rElec rF+ rC- Str+3}
MPRegen 0.28/turn               G - +6 ring of strength

@: hasted, lightly drained, very quick
A: horns 2, retaliatory headbutt, claws 1, evolution 1, MP-powered wands
}: 9/17 runes: decaying, serpentine, barnacled, slimy, elven, silver, golden,
abyssal, gossamer
a: Renounce Religion, Potion Petition, Call Merchant, Bribe Branch


You were in the Dungeon.
You worshipped Gozag.
Gozag was greatly pleased with you.
You visited 1 branch You collected 51149 gold pieces.
You spent 10667 gold pieces at shops.
You paid 31340 gold pieces to Gozag.

Inventory:

Hand Weapons
 a - the +5 eveningstar of the Living Dead {spect, rN+ Will+ Str+4}
   (You bought it in a shop in the Dungeon)

   When its wielder attacks, the weapon's spirit leaps out and strikes again.
   The spirit shares a part of any damage it takes with its wielder.
   Str:       It affects your strength (+4).
   rN:        It protects you from negative energy.
   Will:      It increases your willpower.
 f - a +9 eudemon blade of holy wrath (weapon)
Missiles
 n - 9 curare-tipped darts
 E - 10 javelins (quivered)
Armour
 b - +7 gold dragon scales (worn)
 c - a +3 tower shield of cold resistance
 m - the +18 shield of the Gong (worn) {rElec rN+ Will+ EV-5}
   (You bought it in a shop in the Dungeon)

   It is deafeningly noisy when blocking attacks.
   EV:        It affects your evasion (-5).
   rElec:     It insulates you from electricity.
   rN:        It protects you from negative energy.
   Will:      It increases your willpower.
 t - a +0 cloak of preservation
 u - a +2 cloak of willpower (worn)
 w - the +2 hood of the Assassin (worn) {Detection Stab+ Stlth++}
   (You bought it in a shop in the Dungeon)

   It allows the wearer to sense nearby creatures.
   It allows the wearer to make particularly effective stabbing attacks against
   helpless or unaware enemies with any weapon.
   Stlth:     It makes you much more stealthy.
 x - a +2 pair of gloves (worn)
 J - the +0 pair of boots "Yhotanta" (worn) {Slay+5}
   (You found it in the Dungeon)

   Slay:      It affects your accuracy & damage with ranged weapons and melee
   (+5).
 O - the +2 pair of boots of Vanity {rElec Dex+4}
   (You acquired it in the Dungeon)

   Dex:       It affects your dexterity (+4).
   rElec:     It insulates you from electricity.
Jewellery
 y - the ring of Truth {Ice rN++ rCorr}
   (You bought it in a shop in the Dungeon)

   [ring of ice]

   It enhances your ice magic.
   rF:        It makes you vulnerable to fire.
   rC:        It protects you from cold.
   rN:        It greatly protects you from negative energy.
   rCorr:     It protects you from acid and corrosion.
 G - a +6 ring of strength (right hand)
 I - an amulet of regeneration (around neck)
 K - the ring "Diadoabe" {rC- rCorr Str+7 Dex+2}
   (You found it in the Dungeon)

   [ring of resist corrosion]

   Str:       It affects your strength (+7).
   Dex:       It affects your dexterity (+2).
   rC:        It makes you vulnerable to cold.
   rCorr:     It protects you from acid and corrosion.
 M - the ring "Numo" {rPois Str+3}
   (You found it in the Dungeon)

   [ring of poison resistance]

   Str:       It affects your strength (+3).
   rPois:     It protects you from poison.
 P - the ring "Vomaimeo" (left hand) {rElec rF+ rC- Str+3}
   (You found it in the Dungeon)

   [ring of strength]

   Str:       It affects your strength (+3).
   rF:        It protects you from fire.
   rC:        It makes you vulnerable to cold.
   rElec:     It insulates you from electricity.
 Q - the amulet of Dim Light {RegenMP rElec rC- rN++ rCorr}
   (You found it in the Dungeon)

   [amulet of magic regeneration]

   It increases your rate of magic regeneration.
   rC:        It makes you vulnerable to cold.
   rElec:     It insulates you from electricity.
   rN:        It greatly protects you from negative energy.
   rCorr:     It protects you from acid and corrosion.
Wands
 i - a wand of flame (22)
 l - a wand of charming (4)
 H - a wand of mindburst (11)
Scrolls
 j - 2 scrolls of blinking
 k - 2 scrolls of amnesia
 p - 5 scrolls of identify
 q - 3 scrolls of fog
 s - 2 scrolls of immolation
 C - 3 scrolls of enchant weapon
 D - 2 scrolls of fear
Potions
 d - 3 potions of mutation
 e - 7 potions of curing
 g - 8 potions of haste
 h - 9 potions of magic
 o - 4 potions of might
 v - 3 potions of resistance
 A - 3 potions of brilliance
 F - a potion of attraction
Miscellaneous
 r - the horn of Geryon
 B - a phantom mirror
 L - a box of beasts
 N - a condenser vane (inert)


   Skills:
 O Level 27 Fighting
 * Level 25.1 Long Blades
 O Level 27 Maces & Flails
 + Level 13.9 Throwing
 O Level 27 Armour
 + Level 26.1 Dodging
 O Level 27 Stealth
 O Level 27 Shields
 * Level 19.1 Spellcasting
 * Level 22.7 Transmutations
 * Level 23.8 Earth Magic
 + Level 6.5 Evocations


You had 51 spell levels left.
You knew the following spells:

 Your Spells              Type           Power      Damage    Failure   Level
a - Statue Form           Tmut/Erth      18%        N/A       1%          6

Your spell library contained the following spells:

 Spells                   Type           Power      Damage    Failure   Level
 Petrify                  Tmut/Erth      28%        N/A       1%          4
 Ice Form                 Ice/Tmut       16%        N/A       3%          4
 Hailstorm                Conj/Ice       4%         3d4       97%         4
 Metabolic Englaciation   Hex/Ice        2%         N/A       100%        5
 Simulacrum               Ice/Necr       2%         N/A       100%        6


Dungeon Overview and Level Annotations

Branches:
Dungeon (1/1)

Altars:
Cheibriados
Dithmenos
Elyvilon
Fedhas
Gozag
Hepliaklqana
Kikubaaqudgha
Makhleb
Nemelex Xobeh
Okawaru
Qazlal
Ru
Sif Muna
Trog
Uskayaw
Vehumet
Wu Jian
Xom
Yredelemnul
Zin
The Shining One
Beogh
Jiyva
Lugonu

Shops:
D [[*[?((!!*(**=?[[(

Annotations:
D Cerebov, Ereshkigal


Innate Abilities, Weirdness & Mutations

You have a pair of horns on your head.
You reflexively headbutt those who attack you in melee.
You have sharp fingernails.
You have hidden genetic potential.
You expend magic power (3 MP) to strengthen your wands.


Message History

Cerebov hits you with the +6 sword of Cerebov {flame}!!
* * * LOW HITPOINT WARNING * * *
Cerebov burns you.
* * * LOW HITPOINT WARNING * * *
The Tzitzimitl gestures at you.
The bolt of negative energy hits Ereshkigal.
Ereshkigal completely resists.
The bolt of negative energy misses Cerebov.
The bolt of negative energy hits you!! You partially resist.
You feel drained.
* * * LOW HITPOINT WARNING * * *
Blink to where?
Press: ? - help, Dir - move target
As you read the scroll of blinking, it crumbles to dust.
You feel yourself speed up.
You feel less vulnerable to fire.
There is an entrance to Haufaz's Distillery here.
There is an entrance to Kotiqecu's Antique Weapon Shop here.
There is an entrance to Maasmub's Magic Scroll Boutique here.
There is an entrance to Kubbeatawk's Assorted Antiques here.
Cerebov gestures at you.
A raging storm of fire appears!
The great blast of fire engulfs you!! You partially resist.
* * * LOW HITPOINT WARNING * * *
A fire vortex comes into view.
You cut the fire vortex into ribbons!!!
The fire vortex dissipates!
You are engulfed in blazing flames.
You resist.
* * * LOW HITPOINT WARNING * * *
Cerebov gestures.
You are engulfed in blazing flames.
You resist. Cerebov gestures at you.
A raging storm of fire appears!
The great blast of fire engulfs you!! You partially resist.
* * * LOW HITPOINT WARNING * * *
You are engulfed in blazing flames.
You resist.
* * * LOW HITPOINT WARNING * * *
The hellion gestures at you.
The sphere of damnation explodes!
The damnation engulfs you!!
You die...
Your body crumbles into a pile of gold.

▓............................
▓▓▓▓▓▓▓▓▓▓▓▓▓▓▓▓▓▓▓▓▓▓▓▓▓▓▓▓▓
▓.....'....∩................[
▓.▓▓▓▓▓▓▓▓▓▓▓▓▓▓▓▓▓▓▓▓▓▓▓▓▓▓▓
▓............................
▓▓▓▓▓▓▓▓▓▓▓▓▓▓▓▓▓▓▓▓▓▓▓▓▓▓▓▓▓
▓.....)'...........'...∩.....
▓.▓▓▓▓▓▓▓▓▓▓▓▓▓▓▓▓▓▓▓▓▓▓▓▓▓▓▓
▓..........○@○○○☼∩21&&.......
▓▓▓▓▓▓▓▓▓▓▓▓▓▓▓▓▓▓▓▓▓▓▓▓▓▓▓▓▓
*{,,{,,,,,,,,,,,,☼.°..φ'§'...
*****************▓▓▓▓▓▓▓▓▓▓▓▓


You could see a Brimstone Fiend (summoned) and a hellion (summoned).

Vanquished Creatures
  the Royal Jelly (D)
  Asmodeus (D)
  Lom Lobon (D)
  Mnoleg (D)
  Dispater (D)
  5 ancient liches (D)
  2 orbs of fire (D)
  Mara (D)
  Mennas (D)
  8 royal mummies (D)
  Boris (D)
  Frederick (D)
  Sojobo (D)
  A Killer Klown (D)
  A curse toe (D)
  Xtahua (D)
  A caustic shrike (D)
  Geryon (D)
  Jory (D)
  2 golden dragons (D)
  A bone dragon (D)
  3 electric golems (D)
  5 tentacled monstrosities (D)
  6 deep elf master archers (D)
  3 liches (D)
  27 Orb Guardians (D)
  2 quicksilver dragons (D)
  2 deep elf blademasters (D)
  A walking divine tome (D)
  6 death cobs (D)
  10 acid blobs (D)
  13 sphinxes (D)
  Agnes (D)
  5 storm dragons (D)
  5 tengu reavers (D)
  7 shadow dragons (D)
  Donald (D)
  2 draconian monks (D)
  7 rockslimes (D)
  Ilsuiw (D)
  5 fire giants (D)
  5 nagarajas (D)
  A draconian knight (D)
  6 azure jellies (D)
  2 frost giants (D)
  Aizul (D)
  3 draconian scorchers (D)
  6 emperor scorpions (D)
  2 deep elf sorcerers (D)
  3 vault wardens (D)
  A ghost moth (D)
  5 stone giants (D)
  A draconian stormcaller (D)
  3 very ugly things (D)
  2 ironbound preservers (D)
  A broodmother (D)
  An ironbound thunderhulk (D)
  2 quicksilver oozes (D)
  A war gargoyle (D)
  A deep elf demonologist (D)
  3 green draconians (D)
  7 vampire knights (D)
  4 black draconians (D)
  5 white draconians (D)
  3 yellow draconians (D)
  2 spark wasps (D)
  A deep elf annihilator (D)
  An entropy weaver (shapeshifter) (D)
  A dire elephant (D)
  A red draconian (D)
  2 deep elf death magi (D)
  3 ettins (D)
  2 fire dragons (D)
  5 mummy priests (D)
  2 merfolk impalers (D)
  4 merfolk javelineers (D)
  2 deep elf high priests (D)
  4 yaktaur captains (D)
  2 rakshasas (D)
  A great orb of eyes (D)
  An ice dragon (D)
  25 vault guards (D)
  A shambling mangrove (D)
  A peacekeeper (D)
  4 naga warriors (D)
  4 merfolk avatars (D)
  A ghost crab (D)
  3 ogre magi (D)
  9 hydras (D)
  2 merfolk aquamancers (D)
  4 centaur warriors (D)
  An anaconda (D)
  2 ironbound frosthearts (D)
  A deep troll shaman (D)
  2 deep troll earth magi (D)
  2 alligators (D)
  2 naga sharpshooters (D)
  A tengu warrior (D)
  A vampire mage (D)
  3 orc high priests (D)
  A spriggan berserker (D)
  A shock serpent (D)
  A hell knight (D)
  12 spriggans (D)
  A pharaoh ant (D)
  3 sea snakes (D)
  2 starcursed masses (D)
  A glowing orange brain (D)
  5 swamp dragons (D)
  5 deep trolls (D)
  A phantasmal warrior (D)
  A flayed ghost (D)
  8 ironbound convokers (D)
  A wizard (D)
  A large abomination (D)
  A necromancer (D)
  A steelbarb worm (D)
  A harpy (D)
  A deep elf pyromancer (D)
  3 wolf spiders (D)
  An orc sorcerer (D)
  2 ugly things (D)
  4 orc knights (D)
  A will-o-the-wisp (D)
  14 moths of wrath (D)
  Joseph (D)
  3 manticores (D)
  An elephant (D)
  5 guardian serpents (D)
  A naga mage (D)
  A vault sentinel (D)
  A torpor snail (D)
  2 water nymphs (D)
  2 black mambas (D)
  A cane toad (D)
  An orange demon (D)
  A rime drake (D)
  2 efreet (D)
  A demonic crawler (D)
  A tengu conjurer (D)
  15 guardian mummies (D)
  A wind drake (D)
  4 trolls (D)
  A wandering mushroom (D)
  3 hornets (D)
  A snapping turtle (D)
  A jumping spider (D)
  2 yaks (D)
  A golden eye (D)
  2 basilisks (D)
  5 redbacks (D)
  2 vampire mosquitoes (D)
  A warg (D)
  2 acid dragons (D)
  A naga (D)
  A neqoxec (D)
  A floating eye (D)
  4 water moccasins (D)
  4 hell hounds (D)
  A swamp drake (D)
  5 orc warriors (D)
  A small abomination (D)
  3 black bears (D)
  2 sky beasts (D)
  2 centaurs (D)
  5 wolves (D)
  2 bullfrogs (D)
  2 killer bees (D)
  A howler monkey (D)
  3 orc priests (D)
  2 iguanas (D)
  An iron imp (D)
  4 orc wizards (D)
  A worm (D)
  6 orcs (D)
  A giant cockroach (D)
  2 hobgoblins (D)
  A bat (D)
  A goblin (D)
  9 ball lightnings (D)
  A fire vortex (D)
  A lurking horror (D)
524 creatures vanquished.

Vanquished Creatures (others)
  A fire giant (D)
  Nessos (D)
  A merfolk aquamancer (D)
  A spriggan druid (D)
  A will-o-the-wisp (D)
  A shadow (D)
  12 ball lightnings (D)
  4 foxfires (D)
22 creatures vanquished.

Grand Total: 546 creatures vanquished

Notes
Turn   | Place    | Note
-------+----------+-------------------------------------------
     0 | D        | mhtbhm the Minotaur Fighter began the quest for the Orb.
     0 | D        | Reached XP level 1. HP: 19/19 MP: 0/0
    16 | D        | Noticed an iguana
    16 | D        | Noticed a sky beast
    16 | D        | Noticed a sky beast
    16 | D        | Noticed an iguana
    22 | D        | Killed an iguana
    23 | D        | Reached skill level 5 in Fighting
    23 | D        | Reached skill level 5 in Armour
    23 | D        | Reached skill level 5 in Shields
    23 | D        | Reached XP level 2. HP: 22/29 MP: 1/1
    23 | D        | Reached XP level 3. HP: 28/36 MP: 2/2
    31 | D        | Killed a sky beast
    32 | D        | Reached XP level 4. HP: 21/47 MP: 3/3
   250 | D        | Killed a sky beast
   251 | D        | Reached skill level 1 in Dodging
   251 | D        | Reached XP level 5. HP: 23/53 MP: 4/4
   266 | D        | Found a snail-covered altar of Cheibriados.
   266 | D        | Found a shadowy altar of Dithmenos.
   266 | D        | Found a white marble altar of Elyvilon.
   266 | D        | Found a blossoming altar of Fedhas.
   266 | D        | Found an opulent altar of Gozag.
   267 | D        | Found a hazy altar of Hepliaklqana.
   268 | D        | Found a viscous altar of Jiyva.
   269 | D        | Found an ancient bone altar of Kikubaaqudgha.
   270 | D        | Found a corrupted altar of Lugonu.
   271 | D        | Found a burning altar of Makhleb.
   272 | D        | Found a sparkling altar of Nemelex Xobeh.
   273 | D        | Found an iron altar of Okawaru.
   274 | D        | Found a stormy altar of Qazlal.
   275 | D        | Found a sacrificial altar of Ru.
   429 | D        | Found a shimmering blue altar of Sif Muna.
   430 | D        | Found a bloodstained altar of Trog.
   431 | D        | Found a hide-covered altar of Uskayaw.
   439 | D        | Became a worshipper of Gozag Ym Sagoz the Greedy
   445 | D        | Found a radiant altar of Vehumet.
   446 | D        | Found an ornate altar of the Wu Jian Council.
   447 | D        | Found a shimmering altar of Xom.
   448 | D        | Found a basalt altar of Yredelemnul.
   449 | D        | Found a glowing silver altar of Zin.
   450 | D        | Found a glowing golden altar of the Shining One.
   497 | D        | Noticed a centaur
   497 | D        | Noticed a shadow
   497 | D        | Noticed a yak
   504 | D        | Killed a yak
   505 | D        | Reached XP level 6. HP: 42/63 MP: 5/5
   512 | D        | Killed a shadow
   513 | D        | Reached skill level 10 in Armour
   513 | D        | Reached XP level 7. HP: 48/71 MP: 6/6
   518 | D        | Reached skill level 10 in Fighting
   671 | D        | Noticed a vampire mosquito
   671 | D        | Noticed a deep elf pyromancer
   671 | D        | Noticed a four-headed hydra
   671 | D        | Noticed a tengu warrior
   671 | D        | Noticed a centaur warrior
   682 | D        | Killed a centaur warrior
   683 | D        | Reached skill level 10 in Shields
   683 | D        | Reached XP level 8. HP: 59/82 MP: 7/7
   697 | D        | Killed a deep elf pyromancer
   697 | D        | HP: 4/82 [tengu warrior/bolt (18)]
   723 | D        | Killed a tengu warrior
   724 | D        | Reached skill level 5 in Dodging
   724 | D        | Reached skill level 1 in Stealth
   724 | D        | Reached XP level 9. HP: 22/90 MP: 8/8
   726 | D        | Killed a four-headed hydra
  1130 | D        | Noticed a cane toad
  1131 | D        | Noticed a rime drake
  1147 | D        | Killed a cane toad
  1170 | D        | Killed a rime drake
  1175 | D        | Reached skill level 15 in Maces & Flails
  1263 | D        | Noticed a five-headed hydra
  1264 | D        | Noticed an elephant
  1275 | D        | Killed a five-headed hydra
  1276 | D        | Reached skill level 5 in Stealth
  1276 | D        | Reached XP level 10. HP: 30/101 MP: 9/9
  1588 | D        | Killed an elephant
  1917 | D        | Noticed Joseph
  1932 | D        | Killed Joseph
  2175 | D        | Noticed an orc knight
  2175 | D        | Noticed an orc sorcerer
  2175 | D        | Noticed an orc knight
  2185 | D        | Noticed an orc knight
  2194 | D        | Killed an orc knight
  2195 | D        | Reached skill level 15 in Fighting
  2198 | D        | Killed an orc sorcerer
  2209 | D        | Killed an orc knight
  2210 | D        | Reached skill level 10 in Dodging
  2210 | D        | Reached XP level 11. HP: 56/113 MP: 10/10
  2212 | D        | Noticed an orc high priest
  2215 | D        | Noticed an orc high priest
  2217 | D        | Noticed an orc high priest
  2595 | D        | Killed an orc knight
  2929 | D        | Killed an orc high priest
  2930 | D        | Reached skill level 1 in Evocations
  2947 | D        | HP: 5/114 [ice devil[an orc high priest] (8)]
  2952 | D        | Killed an orc high priest
  2953 | D        | Reached skill level 15 in Shields
  3276 | D        | Killed an orc high priest
  3388 | D        | Found Xacur's Distillery.
  3388 | D        | Noticed an ogre mage
  3388 | D        | Noticed an ogre mage
  3388 | D        | Noticed a deep troll
  3388 | D        | Noticed a deep troll
  3397 | D        | Noticed a deep troll
  3398 | D        | Killed a deep troll
  3401 | D        | Killed a deep troll
  3405 | D        | Killed an ogre mage
  3410 | D        | Found Etogor's Antique Weapon Shop.
  3414 | D        | Killed an ogre mage
  3421 | D        | Killed a deep troll
  4038 | D        | Found Zeakaip's Antique Armour Boutique.
  4042 | D        | Found Hitrow Honui's Armour Shop.
  4045 | D        | Noticed a deep troll
  4046 | D        | Noticed an ogre mage
  4047 | D        | Noticed a deep troll
  4048 | D        | Noticed a stone giant
  4070 | D        | Killed a stone giant
  4073 | D        | Killed a deep troll
  4074 | D        | Reached XP level 12. HP: 38/127 MP: 11/11
  4080 | D        | Killed an ogre mage
  4124 | D        | Bought the +13 plate armour of Tocriffi {Regen+ SInv
                  | Stlth+} for 1014 gold pieces
  4124 | D        | Bought a +0 cloak of preservation for 115 gold pieces
  4297 | D        | Bought a runed cloak for 210 gold pieces
  4311 | D        | Bought 2 potions of resistance for 280 gold pieces
  4311 | D        | Bought a potion of might for 56 gold pieces
  4311 | D        | Bought a potion of haste for 140 gold pieces
  4311 | D        | Bought a potion of haste for 140 gold pieces
  4531 | D        | Bought 4 curare-tipped darts for 33 gold pieces
  4532 | D        | Bought a +2 morningstar of flaming for 268 gold pieces
  4533 | D        | Bought a phantom mirror for 560 gold pieces
  4533 | D        | Bought a scroll of identify for 28 gold pieces
  4644 | D        | Noticed a centaur warrior
  4644 | D        | Noticed a centaur warrior
  4649 | D        | Noticed a fire giant
  4659 | D        | Killed a centaur warrior
  4663 | D        | Noticed a stone giant
  4665 | D        | Killed a centaur warrior
  4666 | D        | Noticed a fire dragon
  4671 | D        | Noticed an ettin
  4686 | D        | Killed a fire giant
  4687 | D        | Reached skill level 15 in Armour
  4832 | D        | Killed a stone giant
  4847 | D        | Killed a fire dragon
  4888 | D        | Killed an ettin
  5053 | D        | Noticed a rakshasa
  5062 | D        | Killed a rakshasa
  5110 | D        | Noticed Donald
  5130 | D        | Killed Donald
  5187 | D        | Noticed Nessos
  5196 | D        | Killed Nessos
  5251 | D        | Noticed a ghost crab
  5251 | D        | Noticed a six-headed hydra
  5251 | D        | Noticed an alligator
  5256 | D        | Killed an alligator
  5270 | D        | Killed a six-headed hydra
  5281 | D        | Killed a ghost crab
  5282 | D        | Reached XP level 13. HP: 73/141 MP: 12/12
  5539 | D        | Noticed a merfolk javelineer
  5564 | D        | Killed a merfolk javelineer
  5643 | D        | Noticed a broodmother
  5662 | D        | Killed a broodmother
  5929 | D        | Noticed a fire giant
  5929 | D        | Noticed a cyan very ugly thing
  5929 | D        | Noticed a brown very ugly thing
  5929 | D        | Noticed a frost giant
  5936 | D        | Noticed a stone giant
  5937 | D        | Killed a frost giant
  5949 | D        | Killed a cyan very ugly thing
  5961 | D        | Killed a red very ugly thing
  5972 | D        | Killed a fire giant
  6152 | D        | Killed a stone giant
  6174 | D        | Reached XP level 14. HP: 153/157 MP: 13/13
  6199 | D        | Noticed a frost giant
  6211 | D        | Noticed a green very ugly thing
  6217 | D        | Killed a frost giant
  6218 | D        | Noticed a stone giant
  6226 | D        | Killed a green very ugly thing
  6239 | D        | Noticed a stone giant
  6244 | D        | Killed a stone giant
  6256 | D        | Killed a stone giant
  6375 | D        | Reached skill level 5 in Evocations
  6411 | D        | Noticed an ironbound thunderhulk
  6416 | D        | Noticed a vault warden
  6440 | D        | Killed an ironbound thunderhulk
  6451 | D        | Killed a vault warden
  6487 | D        | Noticed an ironbound preserver
  6502 | D        | Noticed an Orb Guardian
  6502 | D        | Noticed a sphinx
  6513 | D        | Killed an ironbound preserver
  6516 | D        | Killed an Orb Guardian
  6527 | D        | Killed a sphinx
  6596 | D        | Noticed Mara
  6600 | D        | Noticed mhtbhm's illusion
  6635 | D        | Noticed mhtbhm's illusion
  6640 | D        | Noticed mhtbhm's illusion
  6684 | D        | Killed Mara
  6820 | D        | Noticed Boris
  6821 | D        | Noticed Frederick
  6829 | D        | Killed Boris
  6848 | D        | Killed Frederick
  6849 | D        | Reached skill level 10 in Stealth
  6849 | D        | Reached XP level 15. HP: 90/173 MP: 14/14
  6873 | D        | Noticed Aizul
  6892 | D        | Killed Aizul
  7005 | D        | Noticed Mennas
  7059 | D        | Killed Mennas
  7181 | D        | Bought the +2 hood of the Assassin {Detection Stab+
                  | Stlth++} for 1980 gold pieces
  7181 | D        | Found the +2 hood of the Assassin {Detection Stab+ Stlth++}
  7232 | D        | Got the +0 pair of boots "Yhotanta" {Slay+5}
  7413 | D        | Reached skill level 27 in Fighting
  7434 | D        | Got a decaying rune of Zot
  7558 | D        | Noticed an emperor scorpion
  7558 | D        | Noticed an emperor scorpion
  7558 | D        | Noticed an emperor scorpion
  7558 | D        | Noticed an emperor scorpion
  7560 | D        | Killed an emperor scorpion
  7572 | D        | Killed an emperor scorpion
  7583 | D        | Killed an emperor scorpion
  7584 | D        | Noticed an emperor scorpion
  7591 | D        | Noticed an emperor scorpion
  7591 | D        | Killed an emperor scorpion
  7645 | D        | Killed an emperor scorpion
  7651 | D        | Killed an emperor scorpion
  7670 | D        | Got a gossamer rune of Zot
  7677 | D        | Noticed a nagaraja
  7677 | D        | Noticed a nagaraja
  7677 | D        | Noticed a nagaraja
  7682 | D        | Killed a nagaraja
  7688 | D        | Noticed a nagaraja
  7693 | D        | Killed a nagaraja
  7697 | D        | Noticed a nagaraja
  7699 | D        | Reached skill level 27 in Shields
  7706 | D        | Killed a nagaraja
  7709 | D        | Killed a nagaraja
  7710 | D        | Reached skill level 27 in Maces & Flails
  7716 | D        | Killed a nagaraja
  7756 | D        | Got a serpentine rune of Zot
  7776 | D        | Noticed Ilsuiw
  7797 | D        | Killed Ilsuiw
  7854 | D        | Got a barnacled rune of Zot
  7986 | D        | Noticed a tengu reaver
  7987 | D        | Noticed a tengu reaver
  7992 | D        | Noticed Sojobo
  7995 | D        | Killed a tengu reaver
  7999 | D        | Killed a tengu reaver
  8000 | D        | Reached XP level 16. HP: 130/183 MP: 15/15
  8021 | D        | Killed Sojobo
  8022 | D        | Reached skill level 15 in Stealth
  8038 | D        | Noticed Jory
  8054 | D        | Killed Jory
  8112 | D        | Bought a faintly glowing eveningstar for 440 gold pieces
  8112 | D        | Identified the +5 eveningstar of the Living Dead {spect,
                  | rN+ Will+ Str+4} (You bought it in a shop in the Dungeon)
  8216 | D        | Reached skill level 27 in Armour
  8290 | D        | Reached skill level 15 in Dodging
  8361 | D        | Noticed a tentacled monstrosity
  8361 | D        | Noticed a lich
  8366 | D        | Killed a lich
  8367 | D        | Noticed a tengu reaver
  8378 | D        | Killed a tentacled monstrosity
  8381 | D        | Noticed a shadow dragon
  8392 | D        | Noticed a tengu reaver
  8393 | D        | Noticed a shadow dragon
  8403 | D        | Killed a tengu reaver
  8408 | D        | Noticed a sphinx
  8414 | D        | Killed a shadow dragon
  8422 | D        | Killed a tengu reaver
  8428 | D        | Killed a shadow dragon
  8431 | D        | Killed a sphinx
  8482 | D        | Noticed a shadow dragon
  8482 | D        | Noticed a tengu reaver
  8482 | D        | Noticed a quicksilver dragon
  8482 | D        | Noticed a shadow dragon
  8492 | D        | Killed a shadow dragon
  8492 | D        | Noticed a shadow dragon
  8495 | D        | Killed a quicksilver dragon
  8497 | D        | Noticed a quicksilver dragon
  8500 | D        | Killed a tengu reaver
  8507 | D        | Killed a shadow dragon
  8512 | D        | Noticed an Orb Guardian
  8515 | D        | Killed a shadow dragon
  8522 | D        | Killed a quicksilver dragon
  8526 | D        | Noticed an Orb Guardian
  8526 | D        | Noticed a sphinx
  8530 | D        | Killed an Orb Guardian
  8532 | D        | Killed an Orb Guardian
  8533 | D        | Reached XP level 17. HP: 102/191 MP: 16/16
  8533 | D        | Identified the ring "Diadoabe" {rC- rCorr Str+7 Dex+2}
  8554 | D        | Got a silver rune of Zot
  8604 | D        | Noticed Xtahua
  8610 | D        | Noticed Agnes
  8616 | D        | Killed Xtahua
  8622 | D        | Killed Agnes
  8685 | D        | Got the ring "Numo" {rPois Str+3}
  8691 | D        | Got the ring "Vomaimeo" {rElec rF+ rC- Str+3}
  8693 | D        | Got the amulet of Dim Light {RegenMP rElec rC- rN++ rCorr}
  8697 | D        | Found the +3 giant club "Skullcrusher" {speed, Str+7}
  8889 | D        | Noticed a caustic shrike
  8890 | D        | Noticed a walking divine tome
  8896 | D        | Killed a caustic shrike
  8926 | D        | Killed a walking divine tome
  8998 | D        | Noticed a bone dragon
  9027 | D        | Killed a bone dragon
  9028 | D        | Reached skill level 27 in Stealth
  9135 | D        | Bought a scroll of enchant armour for 105 gold pieces
  9135 | D        | Bought a scroll of enchant armour for 105 gold pieces
  9135 | D        | Bought a scroll of acquirement for 728 gold pieces
  9135 | D        | Bought a scroll of magic mapping for 49 gold pieces
  9135 | D        | Bought a scroll of acquirement for 728 gold pieces
  9135 | D        | Acquired the +2 pair of boots of Vanity {rElec Dex+4}
  9139 | D        | Acquired a manual of Earth Magic
  9151 | D        | Learned a level 6 spell: Statue Form
  9153 | D        | Noticed a tentacled monstrosity
  9164 | D        | Reached skill level 1 in Spellcasting
  9164 | D        | Reached skill level 1 in Transmutations
  9175 | D        | Killed a tentacled monstrosity
  9180 | D        | Reached skill level 5 in Earth Magic
  9280 | D        | Noticed an electric golem
  9280 | D        | Noticed a tentacled monstrosity
  9289 | D        | Killed a tentacled monstrosity
  9290 | D        | Reached skill level 5 in Transmutations
  9297 | D        | Killed an electric golem
  9298 | D        | Reached skill level 5 in Spellcasting
  9357 | D        | Noticed a golden dragon
  9357 | D        | Noticed a curse toe
  9365 | D        | Reached skill level 10 in Earth Magic
  9373 | D        | Killed a curse toe
  9374 | D        | Killed a golden dragon
  9378 | D        | Noticed a tentacled monstrosity
  9386 | D        | Killed a tentacled monstrosity
  9499 | D        | Noticed a tentacled monstrosity
  9513 | D        | Killed a tentacled monstrosity
  9538 | D        | Reached skill level 10 in Transmutations
  9697 | D        | Noticed an Orb Guardian
  9697 | D        | Noticed an Orb Guardian
  9697 | D        | Noticed an Orb Guardian
  9697 | D        | Noticed an Orb Guardian
  9697 | D        | Noticed an Orb Guardian
  9698 | D        | Noticed an Orb Guardian
  9699 | D        | Killed an Orb Guardian
  9699 | D        | Noticed an Orb Guardian
  9703 | D        | Killed an Orb Guardian
  9709 | D        | Killed an Orb Guardian
  9710 | D        | Reached XP level 18. HP: 151/200 MP: 28/30
  9711 | D        | Killed an Orb Guardian
  9716 | D        | Killed an Orb Guardian
  9717 | D        | Noticed an Orb Guardian
  9724 | D        | Killed an Orb Guardian
  9735 | D        | Killed an Orb Guardian
  9742 | D        | Killed an Orb Guardian
  9743 | D        | Reached skill level 10 in Spellcasting
  9788 | D        | Noticed an Orb Guardian
  9788 | D        | Noticed an Orb Guardian
  9789 | D        | Noticed an Orb Guardian
  9797 | D        | Noticed an Orb Guardian
  9809 | D        | Killed an Orb Guardian
  9815 | D        | Killed an Orb Guardian
  9831 | D        | Killed an Orb Guardian
  9837 | D        | Killed an Orb Guardian
  9978 | D        | Noticed an ancient lich
  9980 | D        | Killed an ancient lich
  9981 | D        | Reached skill level 15 in Earth Magic
  9983 | D        | Noticed an orb of fire
  9985 | D        | Killed an orb of fire
  9988 | D        | Noticed an electric golem
  9996 | D        | Killed an electric golem
  9999 | D        | Noticed an ancient lich
 10002 | D        | Noticed an orb of fire
 10006 | D        | Killed an ancient lich
 10012 | D        | Noticed an electric golem
 10019 | D        | Gained mutation: You are weak. (Str -2) [an orb of fire]
 10020 | D        | Killed an orb of fire
 10030 | D        | Reached skill level 15 in Transmutations
 10033 | D        | Noticed a golden dragon
 10043 | D        | Killed an electric golem
 10044 | D        | Noticed a Killer Klown
 10056 | D        | Killed a golden dragon
 10057 | D        | Reached skill level 1 in Throwing
 10065 | D        | Killed a Killer Klown
 10336 | D        | Noticed an Orb Guardian
 10336 | D        | Noticed an Orb Guardian
 10336 | D        | Noticed an Orb Guardian
 10336 | D        | Noticed an Orb Guardian
 10336 | D        | Noticed an Orb Guardian
 10336 | D        | Noticed an Orb Guardian
 10340 | D        | Killed an Orb Guardian
 10342 | D        | Noticed an Orb Guardian
 10343 | D        | Killed an Orb Guardian
 10347 | D        | Killed an Orb Guardian
 10350 | D        | Killed an Orb Guardian
 10352 | D        | Killed an Orb Guardian
 10355 | D        | Killed an Orb Guardian
 10355 | D        | Noticed an Orb Guardian
 10357 | D        | Noticed an Orb Guardian
 10358 | D        | Killed an Orb Guardian
 10359 | D        | Noticed an Orb Guardian
 10361 | D        | Noticed an Orb Guardian
 10362 | D        | Killed an Orb Guardian
 10364 | D        | Noticed an Orb Guardian
 10366 | D        | Killed an Orb Guardian
 10369 | D        | Killed an Orb Guardian
 10374 | D        | Killed an Orb Guardian
 10380 | D        | Killed an Orb Guardian
 10514 | D        | Noticed an ancient lich
 10514 | D        | Noticed a lich
 10514 | D        | Noticed an ancient lich
 10515 | D        | Noticed an ancient lich
 10520 | D        | Killed an ancient lich
 10529 | D        | Reached skill level 5 in Throwing
 10534 | D        | Reached XP level 19. HP: 180/207 MP: 36/36
 10536 | D        | Reached skill level 5 in Long Blades
 10536 | D        | Reached skill level 15 in Spellcasting
 10545 | D        | Killed an ancient lich
 10562 | D        | Killed an ancient lich
 10846 | D        | Reached skill level 10 in Long Blades
 10912 | D        | Got an elven rune of Zot
 11161 | D        | Paralysed by a floating eye for 4 turns
 11284 | D        | Noticed the Royal Jelly
 11319 | D        | Killed the Royal Jelly
 11320 | D        | Reached skill level 15 in Long Blades
 11369 | D        | Got a slimy rune of Zot
 11651 | D        | Bought the +18 shield of the Gong {rElec rN+ Will+ EV-5}
                  | for 1167 gold pieces
 11651 | D        | Found the +18 shield of the Gong {rElec rN+ Will+ EV-5}
 11780 | D        | Reached skill level 10 in Throwing
 12163 | D        | Bought the ring of Truth {Ice rN++ rCorr} for 865 gold
                  | pieces
 12513 | D        | Bought a scroll of blinking for 157 gold pieces
 12513 | D        | Bought a condenser vane for 840 gold pieces
 12517 | D        | Noticed a royal mummy
 12517 | D        | Noticed a royal mummy
 12517 | D        | Noticed a royal mummy
 12517 | D        | Noticed a royal mummy
 12517 | D        | Noticed a royal mummy
 12517 | D        | Noticed a royal mummy
 12792 | D        | Killed a royal mummy
 12806 | D        | Killed a royal mummy
 12807 | D        | Reached XP level 20. HP: 91/216 MP: 41/41
 13122 | D        | Killed a royal mummy
 13171 | D        | Killed a royal mummy
 13181 | D        | Killed a royal mummy
 13183 | D        | Noticed a royal mummy
 13188 | D        | Noticed a royal mummy
 13191 | D        | Killed a royal mummy
 13195 | D        | Killed a royal mummy
 13204 | D        | Killed a royal mummy
 13647 | D        | Got a golden rune of Zot
 13649 | D        | Bought 5 curare-tipped darts for 33 gold pieces
 13649 | D        | Bought a scroll of enchant armour for 82 gold pieces
 13868 | D        | Got an abyssal rune of Zot
 13997 | D        | Noticed Geryon
 14016 | D        | Killed Geryon
 14092 | D        | Noticed Lom Lobon
 14092 | D        | Found the +4 staff of Dispater
 14092 | D        | Noticed Dispater
 14092 | D        | Noticed Mnoleg
 14266 | D        | Killed Mnoleg
 14418 | D        | Bought a potion of heal wounds for 85 gold pieces
 14418 | D        | Bought a potion of resistance for 170 gold pieces
 14418 | D        | Bought a potion of might for 68 gold pieces
 14418 | D        | Bought a potion of mutation for 136 gold pieces
 14418 | D        | Bought a potion of heal wounds for 85 gold pieces
 14418 | D        | Lost mutation: You are weak. (Str -2) [potion of mutation]
 14418 | D        | Gained mutation: You have sharp toenails. [potion of
                  | mutation]
 14418 | D        | Gained mutation: You are frail. (-10% HP) [potion of
                  | mutation]
 14418 | D        | Lost mutation: You have sharp toenails. [potion of
                  | mutation]
 14418 | D        | Gained mutation: You are partially covered in iridescent
                  | scales. (AC +2) [potion of mutation]
 14419 | D        | Lost mutation: You are frail. (-10% HP) [potion of
                  | mutation]
 14419 | D        | Lost mutation: You are partially covered in iridescent
                  | scales. (AC +2) [potion of mutation]
 14419 | D        | Gained mutation: You have sharp fingernails. [potion of
                  | mutation]
 14419 | D        | Gained mutation: You expend magic power (3 MP) to
                  | strengthen your wands. [potion of mutation]
 14419 | D        | Gained mutation: You have hidden genetic potential. [potion
                  | of mutation]
 14483 | D        | Killed Dispater
 14936 | D        | Killed Lom Lobon
 14972 | D        | Found the +7 sceptre of Asmodeus
 14972 | D        | Noticed Asmodeus
 15507 | D        | Killed Asmodeus
 15803 | D        | Found the +6 sword of Cerebov {flame}
 15803 | D        | Noticed Cerebov
 15809 | D        | Noticed Ereshkigal
 15839 | D        | HP: 8/209 [Cerebov/great blast of fire (22)]
 15840 | D        | Killed from afar by a hellion

Illustrated notes

Levels and vault maps discovered:
D:        linesprint [early_d, line_temple, items_1, d_10, items_2, lair_1,
          lair_end, items_3, orc_1, orc_end, items_4, d_15, swamp_1, shoals_1,
          snake_1, spider_1, d_20, vaults_1, items_5, swamp_end, shoals_end,
          snake_end, spider_end, vaults_end, d_27, items_6, zot_1, zot_end,
          crypt_end, forest_end, elf_end, slime_end, tomb_end, abyss_end,
          pan_hell_end]

Skill      XL: |  1  2  3  4  5  6  7  8  9 10 11 12 13 14 15 16 17 18 19 20 |
---------------+-------------------------------------------------------------+-----
Fighting       | 5 7 8 9 11 13 15 18 20 23 26 27 | 27.0
Armour         | 5 6 8 9 10 11 12 14 16 18 20 25 27 | 27.0
Shields        | 5 7 8 9 10 11 12 14 16 18 20 24 27 | 27.0
Maces & Flails | 3 4 6 7 8 11 13 15 16 18 20 22 25 27 | 27.0
Dodging        | 1 4 5 8 10 11 12 13 17 22 23 25 26 | 26.1
Stealth        | 1 5 6 7 8 10 14 24 27 | 27.0
Evocations     | 2 4 5 6 |  6.5
Spellcasting   | 9 14 18 19 | 19.1
Transmutations | 10 17 21 22 | 22.7
Earth Magic    | 13 19 22 23 | 23.8
Throwing       | 5 10 13 | 13.9
Long Blades    | 4 18 25 | 25.1

Action                   |  1- 3 |  4- 6 |  7- 9 | 10-12 | 13-15 | 16-18 | 19-21 || total
-------------------------+-------+-------+-------+-------+-------+-------+-------++-------
Melee: Flail             |    20 |    36 |   115 |   310 |       |       |       ||   481
       Headbutt          |     1 |     6 |    22 |   112 |   189 |   187 |   133 ||   650
       Morningstar       |       |       |       |   119 |   701 |    27 |       ||   847
       Eveningstar       |       |       |       |       |       |   659 |   218 ||   877
       Eudemon blade     |       |       |       |       |       |       |   201 ||   201
Throw: Javelin           |       |       |       |       |       |     6 |    31 ||    37
 Cast: Statue Form       |       |       |       |       |       |     1 |     1 ||     2
Invok: Potion Petition   |       |       |     1 |     4 |     7 |     1 |     5 ||    18
       Call Merchant     |       |       |       |     1 |     3 |     2 |     8 ||    14
Evoke: Wand              |       |       |       |    10 |     1 |       |       ||    11
       Phantom mirror    |       |       |       |     3 |     1 |       |     2 ||     6
       Condenser vane    |       |       |       |       |       |       |     4 ||     4
  Use: Potion            |     1 |       |     5 |     5 |     6 |       |     9 ||    26
       Scroll            |       |       |     1 |     1 |     3 |    12 |    10 ||    27
 Stab: Invisible         |       |       |     7 |       |     2 |       |       ||     9
       Sleeping          |       |       |     1 |       |     1 |     5 |     1 ||     8
       Distracted        |       |       |       |     2 |    10 |    21 |    12 ||    45
Armor: Scale mail        |     5 |     8 |       |       |       |       |       ||    13
       Ring mail         |       |     1 |    45 |    43 |       |       |       ||    89
       Plate armour      |       |       |       |    45 |   250 |    70 |       ||   365
       Gold dragon scale |       |       |       |       |       |   106 |   100 ||   206
       Skin              |       |       |       |       |       |     3 |       ||     3
Dodge: Dodged            |     6 |    11 |    72 |   142 |   146 |   159 |    59 ||   595
Block: Buckler           |     2 |     8 |    51 |    89 |       |       |       ||   150
       Kite shield       |       |       |       |     8 |   341 |   101 |   205 ||   655
       Reflection        |       |       |       |     4 |     8 |     1 |       ||    13
       Tower shield      |       |       |       |       |       |   368 |   112 ||   480

Table legend: (Time is in decaauts) A = Elapsed time spent in this place. B = Non-inter-level travel time spent in this place. C = Inter-level travel time spent in this place. D = Time resting spent in this place. E = Time spent auto-exploring this place. F = Levels seen in this place. G = Mean time per level. A B C D E F G +--------+--------+--------+--------+--------+-----+--------+ Total | 15187 | 14948 | 239 | 5485 | 3088 | 1 | 15187.0 | Dungeon | 15187 | 14948 | 239 | 5485 | 3088 | 1 | 15187.0 | +--------+--------+--------+--------+--------+-----+--------+

Top non-repeatable levels by time:
       D: 15187 daAuts
